 Dungeon Crawl Stone Soup version 0.22-a0-223-g0f5d773 (webtiles) character file.

23 sankara the Grave Robber (level 2, -1/20 HPs)
             Began as a Ghoul Necromancer on Feb 18, 2018.
             Slain by a gnoll shaman
             ... wielding a +0 whip
              (7 damage)
             ... on level 2 of the Dungeon.
             The game lasted 00:05:05 (1294 turns).

sankara the Grave Robber (Ghoul Necromancer)        Turns: 1294, Time: 00:05:06

Health: -1/20      AC:  3    Str: 11    XL:     2   Next: 95%
Magic:  0/4        EV: 12    Int: 10    God:
Gold:   64         SH:  0    Dex:  9    Spells: 4/5 levels left

rFire    . . .     SeeInvis .   a - +2 short sword (speed)
rCold    + . .     Gourm    .   (no shield)
rNeg     + + +     Faith    .   j - +0 robe
rPois    ∞         Spirit   .   g - +0 helmet
rElec    .         Reflect  .   (no cloak)
rCorr    .         Harm     .   (no gloves)
MR       .....                  (no boots)
Stlth    ++........             (no amulet)
HPRegen  0.00/turn              (no ring)
MPRegen  0.09/turn              (no ring)

@: very slightly contaminated, rotting
A: rotting body, claws 1, carnivore, cold resistance 1, negative energy
resistance 3, inhibited regeneration, torment resistance, unbreathing
a: no special abilities


You were on level 2 of the Dungeon.
You were not hungry.

You visited 1 branch of the dungeon, and saw 2 of its levels.

You collected 64 gold pieces.

Inventory:

Hand Weapons
 a - a +2 short sword of speed (weapon)
   (You found it on level 2 of the Dungeon)
Missiles
 e - a throwing net {=f, !d}
 h - 18 stones (quivered)
Armour
 g - a +0 helmet (worn)
   (You found it on level 1 of the Dungeon)
 j - a +0 robe (worn)
Scrolls
 c - a scroll of noise {unknown}
 i - a scroll of identify {unknown}
Potions
 d - a potion of resistance {unknown}
 f - a potion of brilliance {unknown}
 l - a potion of might {unknown}
Comestibles
 b - 2 rations
 k - 7 chunks of flesh {@w0}


   Skills:
 * Level 0.0 Short Blades
 - Level 1.7 Dodging
 - Level 2.1 Stealth
 + Level 2.0 Spellcasting
 * Level 4.7 Necromancy


You had 4 spell levels left.
You knew the following spells:

 Your Spells              Type           Power        Failure   Level  Hunger
a - Pain                  Necr           ##..         4%          1    ##.....


Dungeon Overview and Level Annotations

Branches:
Dungeon (2/15)

Altars:


Innate Abilities, Weirdness & Mutations

Your body is rotting away.
You thrive on raw meat.
You are immune to poison.
You have sharp fingernails.
You are carnivorous and can eat meat at any time.
Your flesh is cold resistant. (rC+)
You are immune to negative energy. (rN+++)
You do not regenerate when monsters are visible.
You are immune to unholy pain and torment.
You can survive without breathing.


Message History

You hit the bat.
The bat is severely wounded.
The bat completely misses you. The bat closely misses you.
You closely miss the bat.
The bat is heavily wounded.
The bat barely misses you. x2
The bat misses you. The bat closely misses you.
Found a stone staircase leading down.
You miss the bat.
The bat is heavily wounded.
The bat barely misses you.
You closely miss the bat.
The bat is heavily wounded.
The bat barely misses you. The bat closely misses you. The bat hits you.
You are too injured to fight recklessly!
You are too injured to fight recklessly!
You are too injured to fight recklessly!
You are too injured to fight recklessly!
You hit the bat.
You kill the bat!
Your Spellcasting skill increases to level 2!
You are feeling hungry.
You see here a bat corpse.
You butcher the bat corpse.
k - 5 chunks of flesh {@w0} (gained 1)
l - an inky potion A hobgoblin comes into view.
You see here a glowing short sword.
The helpless hobgoblin fails to defend itself.
You hit the hobgoblin.
The hobgoblin is almost dead.
The hobgoblin hits you.
You are too injured to fight recklessly!
You are too injured to fight recklessly!
You are too injured to fight recklessly!
You are too injured to fight recklessly!
You barely miss the hobgoblin.
The hobgoblin is almost dead.
The hobgoblin closely misses you.
You hit the hobgoblin.
You kill the hobgoblin!
You see here a hobgoblin corpse.
You butcher the hobgoblin corpse.
k - 8 chunks of flesh {@w0} (gained 3)
You see here a glowing short sword.
m - a glowing short sword Wield which item (- for none, * to show all)? (? for menu, Esc to quit)
Your claws tingle!
m - a +2 short sword of speed (weapon)
Adjust (i)tems, (s)pells, or (a)bilities?
Adjust which item? (? for menu, Esc to quit)
m - a +2 short sword of speed (weapon)
Adjust to which letter? (? for menu, Esc to quit)
a - a +2 short sword of speed (weapon);
m - a +0 dagger Drop what? 13/52 slots (_ for help) (? for menu, Esc to quit)
You drop a +0 dagger.
You start resting.
You feel your flesh rotting away.
You start resting.
Eating one of 8 chunks of flesh {@w0}.
You eat one of the 8 chunks of flesh {@w0}.
You feel more resilient.
This raw flesh tastes great!
HP restored.
A gnoll shaman comes into view. It is wielding a whip.
The gnoll shaman shouts!
The gnoll shaman hits you with a whip!
You are too injured to fight recklessly!
You are too injured to fight recklessly!
You are too injured to fight recklessly!
You hit the gnoll shaman.
The gnoll shaman is moderately wounded.
The gnoll shaman closely misses you.
Casting: Pain (safe; 4% risk of failure)
Confirm with . or Enter, or press ? or * to list all spells.
Aiming: Pain (safe; 4% risk of failure)
Press: ? - help, Shift-Dir - straight line, f - gnoll shaman
Aim: a gnoll shaman, wielding a whip and wearing a robe (moderately wounded, chance to defeat MR: 63%)
The gnoll shaman writhes in agony!
The gnoll shaman closely misses you.
Casting: Pain (safe; 4% risk of failure)
Confirm with . or Enter, or press ? or * to list all spells.
Aiming: Pain (safe; 4% risk of failure)
Press: ? - help, Shift-Dir - straight line, f/p - gnoll shaman
Aim: a gnoll shaman, wielding a whip and wearing a robe (moderately wounded, chance to defeat MR: 63%)
The gnoll shaman writhes in agony!
The gnoll shaman closely misses you.
Casting: Pain (safe; 4% risk of failure)
Confirm with . or Enter, or press ? or * to list all spells.
Aiming: Pain (safe; 4% risk of failure)
Press: ? - help, Shift-Dir - straight line, f/p - gnoll shaman
Aim: a gnoll shaman, wielding a whip and wearing a robe (heavily wounded, chance to defeat MR: 63%)
The gnoll shaman resists with significant effort.
The gnoll shaman hits you with a whip.
* * * LOW HITPOINT WARNING * * *
Casting: Pain (safe; 4% risk of failure)
Confirm with . or Enter, or press ? or * to list all spells.
Aiming: Pain (safe; 4% risk of failure)
Press: ? - help, Shift-Dir - straight line, f/p - gnoll shaman
Aim: a gnoll shaman, wielding a whip and wearing a robe (heavily wounded, chance to defeat MR: 63%)
You miscast Pain.
You are very lightly contaminated with residual magic.
You shiver with cold.
The gnoll shaman hits you with a whip!
You die...

♣♣♣ ♣♣..
♣♣♣♣♣♣♣..♣
......g..♣
♣..@♣
♣...♣♣♣♣
♣♣.....♣♣
♣....♣♣♣♣.♣♣
...♣♣♣ ♣♣.♣
... ♣♣)♣ .♣
♣♣..♣ ♣.♣♣♣
♣♣♣.♣♣


You could see a gnoll shaman.

Vanquished Creatures
  A dart slug (D:1)
  2 giant cockroaches (D:1)
  6 hobgoblins
  A kobold (D:1)
  3 ball pythons (D:1)
  4 bats
  A goblin (D:1)
  A rat (D:1)
19 creatures vanquished.

Notes
Turn   | Place    | Note
-------+----------+-------------------------------------------
     0 | D:1      | sankara the Ghoul Necromancer began the quest for the Orb.
     0 | D:1      | Reached XP level 1. HP: 14/14 MP: 2/2
   386 | D:1      | Reached XP level 2. HP: 20/20 MP: 0/3
  1192 | D:2      | Reached skill level 2 in Spellcasting
  1294 | D:2      | Slain by a gnoll shaman

Vault maps used:
D:1:      dpeg_arrival_simpleton_c, minmay_shallow_snake_nest
D:2:      kb_forest_paths, overflow_temple_1_default,
          chequers_ecumenical_altar_island, serial_corexii_hall,
          corexii_hall_statues_x, corexii_hall_statues_x, uniq_sigmund

Skill      XL: |  1  2 |
---------------+-------+-----
Spellcasting   | 2 |  2.0
Dodging        | |  1.7
Stealth        | |  2.1
Necromancy     | |  4.7

Action                   || total
-------------------------++-------
Melee: Unarmed           ||    25
       Dagger            ||    29
       Short sword       ||     1
 Cast: Pain              ||    24
 Stab: Sleeping          ||     3
  Eat: Chunk             ||     2
Armor: Robe              ||    21
Dodge: Dodged            ||    49

Table legend:
 A = Spawn XP
 B = Non-spawn XP
 C = Spawn XP percentage of total XP
 D = Spawn monster count
 E = Non-spawn monster count
 F = Spawn count percentage of total count
 G = Total turns spent on level
                    A         B        C        D         E        F      G
               +---------+---------+-------+---------+---------+-------+---------
         Total |       0 |      33 |   0.0 |       0 |      19 |   0.0 |  1294
               +---------+---------+-------+---------+---------+-------+---------
           D:1 |       0 |      26 |   0.0 |       0 |      15 |   0.0 |  1130
           D:2 |       0 |       7 |   0.0 |       0 |       4 |   0.0 |   164
               +---------+---------+-------+---------+---------+-------+---------

Vault maps used:
D:1:      dpeg_arrival_simpleton_c, minmay_shallow_snake_nest
D:2:      kb_forest_paths, overflow_temple_1_default,
          chequers_ecumenical_altar_island, serial_corexii_hall,
          corexii_hall_statues_x, corexii_hall_statues_x, uniq_sigmund

Table legend:
 A = Turns spent in this place as a percentage of turns spent in the entire game.
 B = Non-inter-level travel turns spent in this place as a percentage of non-inter-level travel turns spent in the entire game.
 C = Inter-level travel turns spent in this place as a percentage of turns spent in this place.
 D = Turns resting spent in this place as a percentage of non-inter-level travel turns spent in this place.
 E = Turns spent auto-exploring this place as a percentage of non-inter-level travel turns spent in this place.
 F = Non-inter-level travel turns spent in this place divided by the number of levels of this place that you've seen.
                   A       B       C       D       E      F
               +-------+-------+-------+-------+-------+----------------------
         Total | 100.0 | 100.0 |   2.3 |  33.3 |  47.2 | 632.0
       Dungeon | 100.0 | 100.0 |   2.3 |  33.3 |  47.2 | 632.0
               +-------+-------+-------+-------+-------+----------------------

Table legend:
 A = Kills in this place as a percentage of kills in entire the game.
 B = Kills by you in this place as a percentage of kills by you in the entire game.
 C = Kills by friends in this place as a percentage of kills by friends in the entire game.
 D = Other kills in this place as a percentage of other kills in the entire game.
 E = Experience gained in this place as a percentage of experience gained in the entire game.
 F = Experience gained in this place divided by the number of levels of this place that you have seen.
                   A       B       C       D       E      F
               +-------+-------+-------+-------+-------+----------------------
         Total | 100.0 | 100.0 |   N/A |   N/A | 100.0 |  16.5
       Dungeon | 100.0 | 100.0 |   N/A |   N/A | 100.0 |  16.5
               +-------+-------+-------+-------+-------+----------------------
